Workbook

Sheet Index
A7: CUMNOR PARISH COUNCIL
A8: ACCOUNTS
A9: FOR THE YEAR ENDED 31 MARCH 2025
C14: Index
B15: Page 2 | C15: Income and Expenditure Account
B16: Page 3 | C16: Balance Sheet
B17: Pages 4 - 7 | C17: Notes to the Accounts
B18: Page 8 | C18: Sumary of Income & Expenditure
B19: Pages 9 - 11 | C19: Sumary of Income & Expenditure - Supporting Working Papers

Sheet Inc + Exp
A1: CUMNOR PARISH COUNCIL
A2: INCOME & EXPENDITURE FOR THE YEAR ENDING 31 MARCH 2025
E4: 2025 | I4: 2024
A5: INCOME | C5: Notes | E5: £ | G5: £ | I5: £ | K5: £
B6: Precept | G6: 99000 | K6: 99000
B7: Grants | C7: 11 | G7: =Notes!C199 -> 0 | K7: =Notes!G199 -> 0
B8: Burial ground income | G8: 1906 | K8: 1081
B9: Other sales income | G9: 0 | K9: 0
B10: Bank deposit interest | G10: 8230.11 | K10: 7628.79
B11: Environment income | G11: 2143.7 | K11: 2143.7
B12: Insurance claims | G12: 0 | K12: 0
B13: VAT reclaim | G13: 0 | K13: 0
G14: =SUM(G6:G13) -> 111279.81 | K14: =SUM(K6:K13) -> 109853.49
A16: EXPENSES
B17: General administration | E17: ='Supp WPs'!C26 -> 14944.66 | I17: 14405.84
B18: Staff costs | E18: ='Supp WPs'!C34 -> 49544.21 | I18: 47304.06
B19: Subscriptions | E19: ='Supp WPs'!C39 -> 1688.95 | I19: 1720.78
B20: Recreation | E20: ='Supp WPs'!C86 -> 34075.58 | I20: 23049.32
B21: Burial ground | E21: ='Supp WPs'!C94 -> 2210.03 | I21: 2639
B22: Grants Specific powers | C22: 11 | E22: 1000 | I22: 1511.48
B23: Highways | E23: ='Supp WPs'!C108 -> 6280.4 | I23: 4433.59
B24: Grants S137 | C24: 7 | E24: 1100 | I24: 2910
B25: New equipment | E25: ='Supp WPs'!C114 -> 265
B26: Environment | E26: ='Supp WPs'!C122 -> 2443.7 | I26: 2322.33
G27: =SUM(E17:E26) -> 113552.53 | K27: =SUM(I17:I26) -> 100296.4
A29: NET SURPLUS for the year | G29: =+SUM(G14-G27) -> -2272.72 | K29: =+SUM(K14-K27) -> 9557.09
A31: SUMMARY OF MOVEMENT IN UNRESTRICTED RESERVES
B32: Balance at 01.04.2024 | G32: =K47 -> 85332.09 | K32: 86775
B33: Surplus for the year | G33: =G29 -> -2272.72 | K33: =K29 -> 9557.09
G34: =SUM(G32:G33) -> 83059.37 | K34: =SUM(K32:K33) -> 96332.09
B36: Transfers to dedicated reserves (from General fund)
B37: Major projects | E37: 0 | I37: 3000
B38: Defibrillator | E38: 0 | I38: 1000
B39: Closes pavilion | E39: 0 | I39: 1000
B40: Recreation future | E40: 0 | I40: 1000
B41: Fogwell Road Pavilion | E41: 0 | I41: 1000
B42: Office equipment upgrade | E42: 1000 | I42: 0
B43: Neighbourhood plan | E43: 1000 | I43: 4000
B44: CIL | E44: 0 | I44: 0
B45: General fund | C45: (add)/less | E45: 0 | I45: 0
G46: =-SUM(E37:E45) -> -2000 | K46: =-SUM(I37:I45) -> -11000
G47: =SUM(G34:G46) -> 81059.37 | K47: =SUM(K34:K46) -> 85332.09

Sheet Bal Sh
A1: CUMNOR PARISH COUNCIL
A2: BALANCE SHEET AS AT 31 MARCH 2025
E4: 2025 | H4: 2024
C5: Note | E5: £ | F5: £ | H5: £ | I5: £
A6: CURRENT ASSETS
B7: Debtors | C7: 4 | E7: =Notes!C88 -> 17269.5 | H7: 14484
B8: Cash at bank and in hand | C8: 6 | E8: =73876.75+82075.56+87963.51+89.97+22668.72 -> 266674.51 | H8: 267830
E9: =SUM(E7:E8) -> 283944.01 | H9: =SUM(H7:H8) -> 282314
A11: CURRENT LIABILITIES
B12: Trade creditors | C12: 5 | E12: =Notes!C107 -> 24058.51 | H12: 8405
A14: NET CURRENT ASSETS | F14: =SUM(E9-E12) -> 259885.5 | I14: =SUM(H9-H12) -> 273909
A16: TOTAL ASSETS LESS CURRENT LIABILITIES | F16: =SUM(F14:F15) -> 259885.5 | I16: =SUM(I14:I15) -> 273909
A18: REPRESTENTED BY:
B19: General Fund | F19: ='Inc + Exp'!G47 -> 81059.37 | I19: ='Inc + Exp'!K47 -> 85332.09
B20: Earmarked Reserves | C20: 10 | F20: =Notes!C145 -> 178826.45 | I20: 188578
F21: =SUM(F19:F20) -> 259885.82 | I21: 273909
F22: =F21-F16 -> 0.32 | I22: =I21-I16 -> 0
A31: The above statement fairly represents the financial position of the authority as at
A32: 31 March 2025 and reflects its income and expenditure during the year.
A35: Chairman….………………………………………………………………………
A37: Responsible Financial Officer…………………………………………………..

Sheet Notes
A1: CUMNOR PARISH COUNCIL
A2: NOTES TO THE ACCOUNTS FOR THE YEAR ENDED 31 MARCH 2025
A4: 1 | B4: ASSETS
A5: Assets are defined as land, buildings, vehicles, plant and equipment with a significant
A6: value in relation to the Parish's financial activities.
A7: The Council holds the freehold land at Cumnor Parish Burial Ground.
A8: The Council holds the freehold land at Closes Field, Cumnor in trust for recreation use.
A9: The Council holds the freehold land at The Glebe, Cumnor as a children's playground.
A10: The freehold land at Meadow Close, Farmoor was donated to the Council under a
A11: convenant restricting its use to recreation.
A12: The Council holds the freehold land at Pinnocks Way, Dean Court as a recreation field
A13: and children's playground.
A15: Asset value brought forward 1 April 2024 | C15: 735109.13
A16: Additions
A17: Portable Alliance Tester kit | C17: 265
A18: Oxford Road, Farmoor, manmade noticeboard | C18: 1010.77
A19: Changing room hoist | C19: 2139
A20: Bench at Meadow Close play park | C20: 553
A21: Pinnocks Way, manmade noticeboard | C21: 1010.77
A22: TOTAL | C22: =SUM(C17:C21) -> 4978.54
A24: Disposals made during the year:
A25: Oxford Road, Farmoor, wooden noticeboard | C25: 942.26
A26: Changing room hoist | C26: 2970
A27: Pinnocks Way, wooden noticeboard | C27: 942.26
A29: TOTAL | C29: =SUM(C25:C28) -> 4854.52
A31: Asset value carried forward 31 March 2025 | C31: =SUM(C15+C22-C29) -> 735233.15
A33: At 31 March 2025 the following assets were held:
C34: Value £
A36: The Closes Sports Pavilion | C36: 92000
A37: Fogwell Road Sports Pavilion | C37: 220000
A38: Fogwell Road Sports Pavilion - contents | C38: 3864.69
A39: Key safe - Fogwell Road Pavilion | C39: 76.15
A40: 2 x defibrillators | C40: 2
A41: 3 x silent soldiers silhouettes | C41: 1
A42: 17 bus shelters, 2 with solar panels + perch seat | C42: 66566.33
A43: 18 seats | C43: 7613.65
A44: 23 Noticeboards | C44: 20941.41
A45: 3 grit bins | C45: 480
A46: Signpost - Denmans Lane | C46: 284.95
A47: Road signs at 2,4,6,8 The Glebe | C47: 337.52
... A59: Gas boiler - Fogwell Pavilion | C59: 2382
A60: TOTAL | C60: =SUM(C36:C59) -> 735233.15 | D60: =C60-C31 -> 0
A64: 2 | B64: LEASES
A65: There are two leases in operation as follows with regard to playing fields:
A66: Lease with | C66: Annual amount | E66: Year of expiry
A67: Oxford University (Fogwell) | C67: 25 | E67: 2083 (99 years)
A69: Thames Water Utilities (Farmoor) | C69: 100 | E69: 8 March 2042 (20 years)
A71: 3 | B71: LOANS
A72: At the end of the year there were no outstanding loans.
A75: 4 | B75: DEBTORS
A76: At the end of the year debtors were outstanding as follows:
B77: Provision VAT refund | C77: =14948.92-15-472.4 -> 14461.52
B78: Provision for advanced billing of insurance cover | C78: 864.87
B79: Provision for advanced billing of Zoom | C79: 86.86
B80: Provision for advanced billing of OXASSLC subscription | C80: 1261.67
B81: Provision for advanced billing of SLCC subscription | C81: 360
B82: Provision for advanced billing of Open Spaces subscription | C82: 22.5
B83: Provision for advanced billing of CPRE subscription | C83: 15
B84: Provision for advanced billing ICO data protection | C84: 5.83
B85: Provision for advanced billing ORCC | C85: 85
B86: Provision for advanced billing of Fogwell Field Land Rent | C86: 18.75
B87: Provision for advanced billing of Farmoor Thames water rent | C87: 87.5
C88: =SUM(C77:C87) -> 17269.5
A90: 5 | B90: CREDITORS
A91: At the end of the year creditors were outstanding as follows:
A92: Schedule of Trade Creditors
C93: =24755.13-2834.4 -> 21920.73
A95: At the end of the year provisions were made as follows:
A96: Provisions for:
B97: Net Result payroll processing | C97: 118
B98: Gravita - Quarter End Fee | C98: 155
B99: Gravita - Accounts Work - Year End Mar 25 | C99: 550
B100: Gravita - Sage recharge | C100: 39.78
B101: Internal Audit - Rachel Brown | C101: 320
B102: CPPC Audit | C102: 295
B103: External Audit Fee - Moore Stephens | C103: 420
B104: Grass and Weed maintenance - Paul Jovanovic | C104: 240
C105: =SUM(C97:C104) -> 2137.78
A107: TOTAL TRADE CREDITORS | C107: =C93+C105 -> 24058.51
A110: 6 | B110: CASH AT BANK AND IN HAND
B111: Please refer to the external bank reconciliation and supporting papers also accompanying these accounts
A113: 7 | B113: SECTION 137 PAYMENTS
A114: The limit for spending under Section 137 (4) (a) of the Local Government Act 1972 for this Council in the year of
A115: accounts was £10.81 (based on 5,182 electors at £10.81 per head 2024/2025).
A116: Grants under Section 137 were made to:
B117: Enrych | C117: 500
B118: RBL poppy apeal wreath | C118: 100
B119: Cumnor Pre-school Nursery | C119: 500
C120: =SUM(C117:C119) -> 1100
A122: 8 | B122: AGENCY WORK
B123: During the year the Council undertook no agency work on behalf of other authorities
A125: 9 | B125: CONTINGENT LIABILITIES
B126: The Council has no contingent liabilities.
A128: 10 | B128: RESERVES
C129: 2025 | E129: 2024
A130: Dedicated Reserves | C130: £ | E130: £
B131: Burial fund | C131: 69670.74 | E131: 84670.74
B132: Fogwell Road Pavilion | C132: 1168.36 | E132: 1168.36
B133: Highways | C133: 15367 | E133: 15367
B134: Major projects | C134: 2827.46 | E134: 2827.46
...

Sheet Summ In + Exp
A1: CUMOR PARISH COUNCIL
A2: SUMMARY OF INCOME AND EXPENDITURE FOR YEAR ENDED 31 MARCH 2025
A4: INCOME
A6: 2022/23 | C6: 2023/24 | F6: 2024/2025
A8: 98000 | C8: 99000 | E8: Precept | F8: ='Inc + Exp'!G6 -> 99000
A9: 2760.16 | C9: 7628.79 | E9: Interest on accounts | F9: ='Inc + Exp'!G10 -> 8230.11
A10: 590 | C10: 1081 | E10: Burial Ground fees | F10: ='Inc + Exp'!G8 -> 1906
A11: 0 | C11: 0 | E11: Grants received (see note 11) | F11: ='Inc + Exp'!G7 -> 0
A12: 0 | C12: 0 | E12: Insurance claims | F12: ='Inc + Exp'!G12 -> 0
A13: 78 | C13: 0 | E13: Other income | F13: ='Inc + Exp'!G9 -> 0
A14: 2143.7 | C14: 2143.7 | E14: Environment income | F14: ='Inc + Exp'!G11 -> 2143.7
A15: 0 | C15: 0 | E15: VAT refunds | F15: 0
A16: =SUM(A8:A15) -> 103571.86 | C16: =SUM(C8:C15) -> 109853.49 | E16: Total income | F16: =SUM(F8:F15) -> 111279.81
A19: EXPENDITURE
A21: 58313.04 | C21: 61709.9 | E21: General admin (inc staff costs) | F21: ='Inc + Exp'!E17+'Inc + Exp'!E18 -> 64488.87
A22: 20879.53 | C22: 23049.32 | E22: Recreation | F22: ='Inc + Exp'!E20 -> 34075.58
A23: 2062 | C23: 2639 | E23: Burial | F23: ='Inc + Exp'!E21 -> 2210.03
A24: 1480.74 | C24: 1511.47 | E24: Grants (see note 11) | F24: ='Inc + Exp'!E22 -> 1000
A25: 1727.63 | C25: 1720.78 | E25: Subscriptions | F25: ='Inc + Exp'!E19 -> 1688.95
A26: 8250 | C26: 2910 | E26: S137 ( see note 7) | F26: ='Inc + Exp'!E24 -> 1100
A27: 5414.46 | C27: 4433.59 | E27: Highways | F27: ='Inc + Exp'!E23 -> 6280.4
A28: 0 | C28: 0 | E28: New equipment | F28: 265
A29: 2143.7 | C29: 2322.33 | E29: Environment | F29: 2443.7
A30: =SUM(A21:A29) -> 100271.1 | C30: =SUM(C21:C29) -> 100296.39 | E30: Total expenditure | F30: =SUM(F21:F29) -> 113552.53
C32: Parish Council balance brought forward
A33: 292927.93 | C33: 287884.66 | E33: As at April 2024 | F33: =C42 -> 273909.12
A34: 0.07 | C34: 0.44 | E34: Rounding difference | F34: 0.5
A35: 103571.86 | C35: 109853.49 | E35: Add total income | F35: =F16 -> 111279.81
A36: =SUM(A33:A35) -> 396499.86 | C36: =SUM(C33:C35) -> 397738.59 | F36: =SUM(F33:F35) -> 385189.43
A38: -100271.1 | C38: -100296.4 | E38: Less total expenditure | F38: =-F30 -> -113552.53
E39: Payments/(grants rec'd) to/(from)
A40: -8344.1 | C40: -23533.07 | E40: Dedicated Reserves | F40: =F59 -> -11751.08
E41: Balance carried forward as at
A42: =SUM(A36:A41) -> 287884.66 | C42: =SUM(C36:C41) -> 273909.12 | E42: 45747 | F42: =SUM(F36:F41) -> 259885.82 | G42: =F42-'Bal Sh'!F21 -> 0
A44: *Figures carried forward includes rounding differences.
A46: NOTE:
A47: Payments (grants received) to/(from) Dedicated reserves (not from general fund)
A48: 0 | C48: 0 | E48: Burial | F48: -15000
A49: 0 | C49: 0 | E49: Closes pavilion | F49: -478.8
A50: -940.75 | C50: 0 | E50: Defibrillator | F50: 0
A51: 0 | C51: 0 | E51: Staff costs | F51: 0
A52: -5994.58 | C52: -11533.07 | E52: CIL | F52: 4369.14
A53: -942.77 | C53: -2000 | E53: Fogwell | F53: 0
A54: -466 | C54: -10000 | E54: Recreation future | F54: -2901.42
A55: 0 | C55: 0 | E55: Staff costs | F55: 0
A56: 0 | C56: -5000 | E56: Uncontested elections costs | F56: 0
A57: 0 | C57: 0 | E57: Strategy | F57: 2260
A58: 0 | C58: 5000 | E58: Neighbourhood plan | F58: 0
A59: =+SUM(A48:A58) -> -8344.1 | C59: =+SUM(C48:C58) -> -23533.07 | F59: =+SUM(F48:F58) -> -11751.08

Sheet Supp WPs
A1: CUMNOR PARISH COUNCIL
A2: SUMMARY INCOME AND EXPENDITURE ACCOUNT FOR THE YEAR ENDED 31 MARCH 2025
A3: SUPPORTING WORKING PAPERS
A5: a) Breakdown of General Adminstration expenses | C5: 2025 | E5: 2024
C6: £ | E6: £
A7: Other staff related costs | C7: =118+265.5 -> 383.5 | E7: 383.5
A8: Room hire | C8: 159 | E8: 10
A9: Light and heat | C9: 112.81 | E9: 162.23
A10: Stationery | C10: 94.56 | E10: 12.27
A11: Printing and Photocopying | C11: 114.15 | E11: 0
A12: Postage | C12: 412.29 | E12: 45.45
A13: Telephone | C13: 1802.89 | E13: 1098.55
A14: Car mileage | C14: 864.46 | E14: 669.8
A15: Other payments (Clerk's training) | C15: 372.86 | E15: =778.7+50 -> 828.7
A16: Software purchases | C16: 509.76 | E16: 561.36
A17: Other IT costs | C17: 0 | E17: 311.67
A18: Other Councillor's expenses | C18: 0 | E18: 353.37
A19: Insurance cover | C19: 5044.85 | E19: 4283.44
A20: Bank charges | C20: 82.05 | E20: 72
A21: Professional and Consulting fees - SAGE advice | C21: 1226.48 | E21: 1215.5
A22: Professional and Consulting fees - other | C22: 0 | E22: 0
A23: Recreational consultants fees | C23: 2690 | E23: 2503
A24: Election fees | C24: 0 | E24: 800
A25: Audit fees | C25: 1075 | E25: 1095
A26: TOTAL | C26: =SUM(C7:C25) -> 14944.66 | E26: =SUM(E7:E25) -> 14405.84
A28: b) Breakdown of Staff Costs | C28: 2025 | E28: 2024
C29: £ | E29: £
A30: Clerk's salary | C30: 28565.59 | E30: 26647.04
A31: Clerk's TAX | C31: 4494.8 | E31: 4185.6
A32: Clerk's NI | C32: 5911.51 | E32: 6365.31
A33: Pension contributions | C33: 10572.31 | E33: 10106.11
C34: =SUM(C30:C33) -> 49544.21 | E34: =SUM(E30:E33) -> 47304.06
A37: c) Breakdown of Subcriptions | C37: 2025 | E37: 2024
C38: £ | E38: £
A39: Association subscriptions | C39: 1688.95 | E39: 1720.78
A42: d) Breakdown of Recreation expenses | C42: 2025 | E42: 2024
C43: £ | E43: £
A44: Fogwell Pavlion - consumables | C44: 89.68 | E44: 0
A45: Fogwell Pavilion - cleaner | C45: 960 | E45: 760
A46: Fogwell Pavillion - land rent | C46: 25 | E46: 25
A47: Fogwell Field - grass and weed maintenance | C47: 2564.5 | E47: 2512
A48: Fogwell Field - mole control | C48: 402.56 | E48: 378
A49: Fogwell Field - boundary maintenance | C49: 367 | E49: 350
A50: Fogwell Field - play equipment maintenance | C50: 310.09 | E50: 492.81
A51: Fogwell Field - litter maintenance | C51: 1248 | E51: 1211.5
A52: Fogwell Field - other | C52: 250 | E52: 0
A53: Pinnocks Field - grass and weed maintenance | C53: 1264 | E53: 1190
A54: Pinnocks Field - boundary maintenance | C54: -15 | E54: 160
A55: Pinnocks Field - playground maintenance | C55: 634.44 | E55: 715.3
... A85: Farmoor Thames - other | C85: 280 | E85: 455.75
A86: TOTAL | C86: =SUM(C44:C85) -> 34075.58 | E86: =SUM(E44:E85) -> 23049.32
A89: e) Breakdown of Burial expenses | C89: 2025 | E89: 2024
C90: £ | E90: £
A91: Grass and weed maintenance | C91: 1574 | E91: 2044
A92: Hedge cutting | C92: 620 | E92: 0
A93: Other | C93: 16.03 | E93: 595
A94: TOTAL | C94: =SUM(C91:C93) -> 2210.03 | E94: =SUM(E91:E93) -> 2639
A97: f) Breakdown of Highways expenses | C97: 2025 | E97: 2024
C98: £ | E98: £
A99: Grass and weed maintenance | C99: 533 | E99: 580
A100: Noticeboard maintenance | C100: 641.16 | E100: 0
A101: Seating maintenance | C101: 0 | E101: 265
A102: Bus shelters maintenance | C102: 2331.2 | E102: 2739.55
A103: Road safety | C103: 380 | E103: 0
A104: Cumnor fit for the Future | C104: 192 | E104: 0
A105: Purchase of seating | C105: 0 | E105: 517.04
A106: Purchase of noticeboard | C106: 2021.54 | E106: 0
A107: Other | C107: 181.5 | E107: 332
A108: TOTAL | C108: =SUM(C99:C107) -> 6280.4 | E108: =SUM(E99:E107) -> 4433.59
A111: g) Equipment | C111: 2025 | E111: 2024
C112: £ | E112: £
A113: Office equipment PAT kit | C113: 265 | E113: 0
A114: TOTAL | C114: =+SUM(C113:C113) -> 265 | E114: =+SUM(E113:E113) -> 0
A117: h) Environment expenses | C117: 2025 | E117: 2024
C118: £ | E118: £
A119: Reimbursement insurance of Cumnor Hurst | C119: 0 | E119: 178.63
A120: Removal of rubbish | C120: 300 | E120: 0
A121: Charge for HLS information/CCG | C121: 2143.7 | E121: 2143.7
A122: TOTAL | C122: =SUM(C119:C121) -> 2443.7 | E122: =SUM(E119:E121) -> 2322.33
C124: =C26+C34+C39+C86+C94+C108+C114+C122 -> 111452.53
A126: Grants & S137 | C126: =Notes!C196+Notes!C120 -> 2100
A128: Total Expenditure | C128: =C124+C126 -> 113552.53
C129: =C128-'Inc + Exp'!G27 -> 0
